Map: [ESL] Hecate

Players

Astrea - Winner!

  • Race: Protoss Protoss
  • Spawn Location: 1:00

Erik

  • Race: Zerg Zerg
  • Spawn Location: 7:00

Event: ESL SC2 Masters 2023 Winter (Regional)

VOD

Have the link to the VOD?

Description

Time

  • Played on: Nov. 1, 2023, 4:48 p.m.
  • Length: 4:58

All games in this series

Show
View Real Time Build Order
Export as new Build Order

Astrea Protoss - Winner!

Build Orders:  

Get SALT Encoding   

  12  0:00  Probe  
  13  0:12  Probe  
  14  0:17  Pylon  
  14  0:24  Probe (Chrono Boost)  
  15  0:37  Probe (Chrono Boost)  
  15  0:39  Gateway  
  16  0:45  Probe (Chrono Boost)  
  16  0:47  Assimilator  
  17  0:51  Probe  
  18  1:03  Probe  
  19  1:15  Probe  
  20  1:26  Zealot (Chrono Boost)  
  20  1:29  Cybernetics Core  
  20  1:31  Pylon  
  20  1:32  Probe  
  23  1:38  Forge  
  23  1:49  Zealot, Probe  
  26  2:05  Warp Gate (Chrono Boost)  
  25  2:19  Photon Cannon  
  25  2:22  Adept (Chrono Boost)  
  25  2:24  Photon Cannon, Probe  
  28  2:32  Shield Battery  
  28  2:40  Photon Cannon  
  28  2:41  Photon Cannon  
  26  2:48  Adept  
  26  2:58  Pylon  
  26  3:11  Gateway  
  26  3:15  Pylon  
  26  3:29  Probe  
  26  3:34  Gateway  
  27  3:35  Gateway  
  27  3:42  Cybernetics Core  
  27  3:58  Photon Cannon  
  27  4:14  Nexus  
  27  4:23  Adept  
  29  4:26  Sentry  
  31  4:32  Probe  
  31  4:35  Gateway  
  31  4:36  Sentry  
  34  4:40  Sentry  
  34  4:45  Probe  
Show
View Real Time Build Order
Export as new Build Order

Erik Zerg 

Build Orders: Hatch First 

Get SALT Encoding   

  12  0:00  Drone  
  13  0:08  Drone  
  14  0:36  Hatchery  
  14  0:38  Drone  
  14  0:54  Spawning Pool  
  13  0:57  Drone  
  14  1:05  Overlord  
  14  1:16  Extractor, Drone  
  15  1:26  Drone  
  16  1:41  Zergling x6  
  19  1:48  Queen  
  19  1:49  Zergling x2  
  22  1:58  Spine Crawler  
  22  1:59  Spine Crawler  
  22  2:01  Zergling x2  
  22  2:11  Zergling x2  
  22  2:13  Spine Crawler  
  22  2:22  Zergling x2  
  22  2:24  Zergling x6  
  25  2:40  Zergling x2  
  24  2:47  Zergling x2  
  24  2:48  Zergling x4  
  27  2:57  Overlord  
  27  2:58  Zergling x2  
  27  3:17  Zergling x6  
  27  3:19  Zergling x4  
  32  3:26  Spore Crawler  
  30  3:29  Zergling x2  
  30  3:32  Queen  
  32  3:38  Zergling x2  
  34  3:47  Zergling x6  
  32  3:50  Drone x2  
  32  3:52  Drone  
  35  4:05  Overlord  
  35  4:25  Zergling x2  
  35  4:27  Zergling x2  
  35  4:30  Zergling x2, Hatchery  
  37  4:36  Zergling x2  
  37  4:37  Zergling x2  
Tags
 
Add a new tag
Caveats
  • Supply blocks, unpowered buildings, or Contaminate may cause inaccurate times.
  • Supply counts are checked every 10 seconds.